3086 views
Uploaded 2020-05-21 19:02:48
Game version 1.32.4 / 1.32.5
6:30 long 2on2 ladder game on (4)FurbolgMountain
Saved by Redwood
3086 views
Uploaded 2020-05-21 19:02:48
Game version 1.32.4 / 1.32.5
6:30 long 2on2 ladder game on (4)FurbolgMountain


20 units @ 3.4k
/ 0.5k
14 buildings @ 2.4k
/ 0.6k

| Rod of Necromancy | 1 | 150 |
| total: | 1 | 150g |
| Acolyte | 2 | 150 | / | 0 |
| Ghoul | 1 | 120 | / | 0 |
| Crypt Fiend | 7 | 1505 | / | 280 |
| total: | 10 | 1775g | / | 280w |
| Graveyard | 1 | 215 | / | 0 |
| Crypt | 1 | 200 | / | 50 |
| Ziggurat | 3 | 450 | / | 150 |
| Altar of Darkness | 1 | 180 | / | 50 |
| Tomb of Relics | 1 | 130 | / | 30 |
| Halls of the Dead | 1 | 320 | / | 210 |
| total: | 7 | 1175g | / | 280w |
| 0:04 | Acolyte |
| 0:10 | Graveyard |
| 0:14 | Crypt |
| 0:17 | Acolyte |
| 0:41 | Ziggurat |
| 0:58 | Altar of Darkness |
| 1:16 | Ghoul |
| 1:22 | Tomb of Relics |
| 1:44 | Crypt Fiend |
| 2:03 | Ziggurat |
| 2:23 | Crypt Fiend |
| 2:56 | Crypt Fiend |
| 2:57 | Rod of Necromancy |
| 3:09 | Death Coil |
| 3:24 | Crypt Fiend |
| 3:52 | Unholy Aura |
| 3:55 | Halls of the Dead |
| 4:12 | Crypt Fiend |
| 4:28 | Ziggurat |
| 4:41 | Creature Attack |
| 4:48 | Death Coil |
| 5:07 | Crypt Fiend |
| 5:47 | Crypt Fiend |
| Right click | 371 |
| Select group | 172 |
| Select | 111 |
| Chat | 35 |
| Misc. action | 31 |
| Build/train/purchase | 23 |
| Assign group | 15 |
| Use ability | 5 |
| Minimap ping | 3 |

| Rod of Necromancy | 2 | 300 |
| Dust of Appearance | 1 | 75 |
| total: | 3 | 375g |
| Acolyte | 2 | 150 | / | 0 |
| Ghoul | 3 | 360 | / | 0 |
| Crypt Fiend | 5 | 1075 | / | 200 |
| total: | 10 | 1585g | / | 200w |
| Crypt | 1 | 200 | / | 50 |
| Graveyard | 1 | 215 | / | 0 |
| Altar of Darkness | 1 | 180 | / | 50 |
| Ziggurat | 3 | 450 | / | 150 |
| Tomb of Relics | 1 | 130 | / | 30 |
| Halls of the Dead | 1 | 320 | / | 210 |
| total: | 7 | 1175g | / | 280w |
| 0:02 | Acolyte |
| 0:04 | Crypt |
| 0:08 | Graveyard |
| 0:17 | Acolyte |
| 0:39 | Altar of Darkness |
| 0:56 | Ziggurat |
| 1:07 | Ghoul |
| 1:25 | Tomb of Relics |
| 1:52 | Crypt Fiend |
| 1:58 | Ziggurat |
| 2:23 | Crypt Fiend |
| 2:45 | Rod of Necromancy |
| 2:51 | Death Coil |
| 2:56 | Crypt Fiend |
| 3:28 | Halls of the Dead |
| 3:38 | Unholy Aura |
| 3:49 | Crypt Fiend |
| 4:17 | Crypt Fiend |
| 4:30 | Ziggurat |
| 4:34 | Death Coil |
| 4:46 | Creature Attack |
| 5:00 | Rod of Necromancy |
| 5:01 | Dust of Appearance |
| 5:22 | Ghoul |
| 5:22 | Ghoul |
| Select group | 638 |
| Right click | 225 |
| Select | 123 |
| Chat | 74 |
| Misc. action | 72 |
| Assign group | 29 |
| Build/train/purchase | 24 |
| Use ability | 6 |
| Minimap ping | 1 |
/ 0.1k
18 buildings @ 3.2k
/ 1.4k


| Wisp | 11 | 660 | / | 0 |
| Archer | 7 | 910 | / | 70 |
| total: | 18 | 1570g | / | 70w |
| Altar of Elders | 1 | 180 | / | 50 |
| Moon Well | 3 | 540 | / | 120 |
| Ancient of War | 1 | 150 | / | 60 |
| Hunter's Hall | 1 | 210 | / | 100 |
| Tree of Life | 1 | 340 | / | 185 |
| Ancient of Lore | 1 | 155 | / | 145 |
| Tree of Ages | 1 | 320 | / | 180 |
| total: | 8 | 1575g | / | 660w |
| 0:02 | Wisp |
| 0:02 | Wisp |
| 0:06 | Altar of Elders |
| 0:17 | Moon Well |
| 0:24 | Wisp |
| 0:35 | Ancient of War |
| 0:39 | Wisp |
| 0:52 | Wisp |
| 0:58 | Wisp |
| 1:20 | Wisp |
| 1:28 | Moon Well |
| 1:39 | Archer |
| 1:41 | Wisp |
| 2:05 | Wisp |
| 2:08 | Force of Nature |
| 2:42 | Tree of Ages |
| 2:55 | Hunter's Hall |
| 3:00 | Archer |
| 3:01 | Archer |
| 3:06 | Entangling Roots |
| 3:17 | Moon Well |
| 3:44 | Archer |
| 4:02 | Archer |
| 4:40 | Entangling Roots |
| 4:46 | Tree of Life |
| 4:47 | Archer |
| 5:26 | Pocket Factory |
| 5:43 | Archer |
| 5:43 | Improved Bows |
| 5:59 | Wisp |
| 5:59 | Wisp |
| 6:01 | Ancient of Lore |
| Select group | 643 |
| Right click | 460 |
| Select | 136 |
| Assign group | 72 |
| Misc. action | 54 |
| Build/train/purchase | 30 |
| Use ability | 11 |
| Item give/drop | 1 |
| Esc | 1 |
| Minimap ping | 1 |


| Wisp | 10 | 600 | / | 0 |
| Archer | 6 | 780 | / | 60 |
| total: | 16 | 1380g | / | 60w |
| Altar of Elders | 1 | 180 | / | 50 |
| Moon Well | 4 | 720 | / | 160 |
| Ancient of War | 1 | 150 | / | 60 |
| Ancient of Wonders | 1 | 90 | / | 30 |
| Hunter's Hall | 1 | 210 | / | 100 |
| Ancient of Lore | 2 | 310 | / | 290 |
| Tree of Ages | 1 | 320 | / | 180 |
| Tree of Eternity | 1 | 330 | / | 200 |
| total: | 10 | 1660g | / | 690w |
| 0:01 | Wisp |
| 0:01 | Wisp |
| 0:05 | Altar of Elders |
| 0:10 | Wisp |
| 0:16 | Moon Well |
| 0:35 | Ancient of War |
| 0:38 | Wisp |
| 0:48 | Wisp |
| 0:52 | Wisp |
| 0:58 | Wisp |
| 1:05 | Wisp |
| 1:27 | Moon Well |
| 1:36 | Archer |
| 1:40 | Wisp |
| 1:45 | Wisp |
| 2:07 | Mana Burn |
| 2:10 | Ancient of Wonders |
| 2:34 | Tree of Ages |
| 2:47 | Archer |
| 2:52 | Moon Well |
| 3:01 | Archer |
| 3:16 | Evasion |
| 3:19 | Hunter's Hall |
| 3:29 | Archer |
| 3:49 | Archer |
| 4:20 | Archer |
| 4:26 | Moon Well |
| 5:03 | Breath of Fire |
| 5:04 | Improved Bows |
| 5:16 | Ancient of Lore |
| 5:24 | Ancient of Lore |
| 6:18 | Tree of Eternity |
| 6:21 | Ultravision |
| Right click | 529 |
| Select | 220 |
| Select group | 130 |
| Build/train/purchase | 26 |
| Misc. action | 21 |
| Assign group | 12 |
| Use ability | 9 |
| Minimap ping | 6 |
โ